 Dungeon Crawl Stone Soup version 0.29-a0-275-g389c0b56f3 (webtiles) character file.

Game seed: 11343196015887574111

18 siradein the Vexing (level 2, 23/23 HPs)
             Began as a Draconian Arcane Marksman on Mar 9, 2022.
             Quit the game on level 1 of the Dungeon.
             The game lasted 00:01:09 (884 turns).

siradein the Vexing (Draconian Arcane Marksman)      Turns: 884, Time: 00:01:10

Health: 23/23      AC:  4    Str: 12    XL:     2   Next: 51%
Magic:  2/4        EV: 12    Int: 13    God:
Gold:   17         SH:  0    Dex: 11    Spells: 2/3 levels left

rFire   . . .      SeeInvis .   a - +0 hand crossbow
rCold   . . .      Faith    .   (no shield)
rNeg    . . .      Spirit   .   (body armour unavailable)
rPois   .          Reflect  .   (helmet restricted)
rElec   .          Harm     .   (no cloak)
rCorr   .          Rampage  .   (no gloves)
Will    .....                   (no boots)
Stlth   +.........              (no amulet)
HPRegen 0.07/turn               (no ring)
MPRegen 0.09/turn               (no ring)

@: no status effects
A: AC +4, unfitting armour, cold-blooded
a: no special abilities


You were on level 1 of the Dungeon.
You visited 1 branch of the dungeon, and saw 1 of its levels.

You collected 47 gold pieces.
You spent 30 gold pieces at shops.

Inventory:

Hand Weapons
 a - a +0 hand crossbow (weapon)
Scrolls
 b - a scroll of vulnerability
 d - a scroll of magic mapping {unknown}
 e - 3 scrolls of identify {unknown}
 h - a scroll of enchant weapon {unknown}
 i - a scroll of teleportation {unknown}
 j - a scroll of noise {unknown}
Potions
 c - a potion of heal wounds {unknown}
 f - a potion of curing
 g - a potion of lignification {unknown}


   Skills:
 + Level 1.5 Fighting
 + Level 2.0 Crossbows
 + Level 2.0 Dodging
 + Level 1.3 Spellcasting
 + Level 2.9 Hexes


You had 2 spell levels left.
You knew the following spells:

 Your Spells              Type           Power      Damage    Failure   Level
a - Slow                  Hex            32%        N/A       9%          1

Your spell library contained the following spells:

 Spells                   Type           Power      Damage    Failure   Level
 Magic Dart               Conj           0%         1d3       26%         1
 Searing Ray              Conj           0%         2d4       38%         2
 Inner Flame              Hex/Fire       4%         N/A       41%         3
 Portal Projectile        Hex/Tloc       8%         N/A       41%         3
 Cause Fear               Hex            4%         N/A       63%         4
 Fulminant Prism          Conj/Hex       2%         3d6       83%         4


Dungeon Overview and Level Annotations

Branches:
Dungeon (1/15)

Altars:

Shops:
D:1 [!(


Innate Abilities, Weirdness & Mutations

Your plain brown scales are hard. (AC +4)
You cannot fit into any form of body armour.
You are cold-blooded and may be slowed by cold attacks.


Message History

You shoot a bolt. The bolt closely misses the goblin.
The goblin closely misses you. The goblin hits you but does no damage.
You shoot a bolt. The bolt hits the goblin!
You kill the goblin!
No target in view!
No target in view!
No target in view!
No target in view!
You see here a +0 club.
You open the door.
Found Cyplup's Armour Emporium.
Found an escape hatch in the floor.
There is an open door here.
There is an entrance to Cyplup's Armour Emporium here.
You pick up a book of Conjurations and begin reading...
You add the spells Magic Dart, Searing Ray and Fulminant Prism to your library.
You open the door.
There is an open door here.
A giant cockroach comes into view.
A giant cockroach is nearby!
A giant cockroach is nearby!
A giant cockroach is nearby!
A giant cockroach is nearby!
Casting: Slow (safe; 9% risk of failure)
Confirm with . or Enter, or press ? or * to list all spells.
Aiming: Slow (safe; 9% risk of failure)
Press: ? - help, Shift-Dir - straight line, f - giant cockroach
Aim: a giant cockroach (asleep, chance to affect: 63%)
The giant cockroach seems to slow down.
You shoot a bolt. The bolt hits the giant cockroach.
The giant cockroach is heavily wounded.
You shoot a bolt.
The bolt closely misses the giant cockroach.
You shoot a bolt.
The bolt closely misses the giant cockroach.
You shoot a bolt. The bolt hits the giant cockroach.
You kill the giant cockroach!
No target in view!
No target in view!
No target in view!
Are you sure you want to abandon this character and quit the game? (Confirm with "yes".)

#8.#
########
####..###
#.8>∩.8.#
#.....#.###
#...8.'...#
#.....##.##
#.....##.#
########.#
#@#
#.†....#
######.#


There were no monsters in sight!

Vanquished Creatures
  A ball python (D:1)
  2 bats (D:1)
  4 endoplasms (D:1)
  2 giant cockroaches (D:1)
  A goblin (D:1)
  A hobgoblin (D:1)
  2 kobolds (D:1)
  A rat (D:1)
14 creatures vanquished.

Notes
Turn   | Place    | Note
-------+----------+-------------------------------------------
     0 | D:1      | siradein the Draconian Arcane Marksman began the quest for
                  | the Orb.
     0 | D:1      | Reached XP level 1. HP: 16/16 MP: 2/2
   255 | D:1      | Found Useul's Antique Weapon Emporium.
   457 | D:1      | Found Xalopeh's Distillery.
   481 | D:1      | Reached XP level 2. HP: 23/23 MP: 1/3
   514 | D:1      | Bought a potion of curing for 30 gold pieces
   862 | D:1      | Found Cyplup's Armour Emporium.
   884 | D:1      | Quit the game

Illustrated notes

Levels and vault maps discovered:
D:1:      sevenhm_arrival_forest_fort_small_5, layout_basic, serial_shops,
          shop_fountains, nicolae_shop_advertising_works
          [nicolae_subvault_shop_adworks], nicolae_shop_statue_plus

Skill      XL: |  1  2 |
---------------+-------+-----
Crossbows      | 2 |  2.0
Dodging        | 2 |  2.0
Fighting       | |  1.5
Spellcasting   | |  1.3
Hexes          | |  2.9

Action                   || total
-------------------------++-------
 Fire: Hand crossbow     ||    37
 Cast: Slow              ||    13
Armor: Skin              ||     1
Dodge: Dodged            ||     4

Table legend: (Time is in decaauts)
 A = Elapsed time spent in this place.
 B = Non-inter-level travel time spent in this place.
 C = Inter-level travel time spent in this place.
 D = Time resting spent in this place.
 E = Time spent auto-exploring this place.
 F = Levels seen in this place.
 G = Mean time per level.
                   A        B        C        D        E       F      G
               +--------+--------+--------+--------+--------+-----+--------+
         Total |    903 |    903 |      0 |      0 |    803 |   1 |  903.0 |
       Dungeon |    903 |    903 |      0 |      0 |    803 |   1 |  903.0 |
               +--------+--------+--------+--------+--------+-----+--------+

Top non-repeatable levels by time:
     D:1: 903 daAuts
